 Dungeon Sprint DCSS version bcrawl-1.21.2-1-g32d02e0829 (webtiles) character file.

Game seed: 3847586114337191311

37 MordorOrchid the Ducker (level 3, 0/31 HPs)
             Began as an Oni Fire Elementalist on Feb 19, 2020.
             Slain by a howler monkey (6 damage)
             ... in the Dungeon (Sprint IX: "|||||||||||||||||||||||||||||").
             The game lasted 00:01:10 (102 turns).

MordorOrchid the Ducker (Oni Fire Elementalist)      Turns: 102, Time: 00:01:11

Health: 0/31       AC:  2    Str: 11    XL:     3   Next: 41%
Magic:  1/9        EV: 13    Int: 17    God:
Gold:   0          SH:  0    Dex: 11    Spells: 4/8 levels left

rFire    . . .     SeeInvis .   k - +0 dagger
rCold    . . .     Gourm    .   (no shield)
rNeg     . . .     Faith    .   a - +0 animal skin
rPois    .         Spirit   .   (helmet restricted)
rElec    .         Reflect  .   (no cloak)
rCorr    .         Harm     .   (no gloves)
MR       .....     NoTele   +   (no boots)
Stlth    ++........             (no amulet)
HPRegen  0.10/turn              (no ring)
MPRegen  0.11/turn              (no ring)

@: hasted, very quick
A: oni magic, claws 1, fangs 1, horns 1
a: no special abilities


You were in the Dungeon.
You were not hungry.

You visited 1 branch

Inventory:

Hand Weapons
 k - a +0 dagger (weapon)
Missiles
 c - 40 stones (quivered)
Armour
 a - a +0 animal skin (worn)
Scrolls
 j - a scroll of blinking
Potions
 d - a potion of curing
 f - a potion of heal wounds
 h - 2 potions of magic
 i - a potion of berserk rage
Comestibles
 b - a chunk of flesh
 e - a ration {!d}


   Skills:
 * Level 3.0 Fighting
 + Level 3.6 Dodging
 - Level 1.7 Stealth
 + Level 3.2 Spellcasting
   Level 3.2 Conjurations
   Level 3.2 Hexes
   Level 3.2 Charms
   Level 3.2 Summonings
   Level 3.2 Necromancy
   Level 3.2 Translocations
   Level 3.2 Transmutations
   Level 3.2 Fire Magic
   Level 3.2 Ice Magic
   Level 3.2 Air Magic
   Level 3.2 Earth Magic
   Level 3.2 Poison Magic


You had 4 spell levels left.
You knew the following spells:

 Your Spells              Type           Power        Failure   Level  Hunger
a - Flame Tongue          Conj/Fire      ##...        4%          1    None
b - Conjure Flame         Conj/Fire      ##......     14%         3    ###....

Your spell library contained the following spells:

 Spells                   Type           Power        Failure   Level  Hunger
 Shock                    Conj/Air       ##...        4%          1    None
 Flaming Arrows           Chrm/Fire      ##......     7%          2    ##.....
 Inner Flame              Hex/Fire       N/A          14%         3    ###....
 Sticky Flame             Conj/Fire      ##......     41%         4    ####...
 Fireball                 Conj/Fire      ##........   77%         5    ######.


Dungeon Overview and Level Annotations

Branches:
Dungeon (1/1)

Altars:


Innate Abilities, Weirdness & Mutations

You learn spells by gaining experience, not through books or religion.
You only train spellcasting to practice magic.
You have sharp fingernails.
You have very sharp teeth.
You have a pair of small horns on your head.


Message History

You barely miss the howler monkey. You headbutt the howler monkey.
The howler monkey is heavily wounded.
The howler monkey hits you.
You hit the howler monkey but do no damage.
The howler monkey is heavily wounded.
You closely miss the howler monkey.
You bite the howler monkey, but do no damage.
The howler monkey is heavily wounded.
The howler monkey hits you.
You hit the howler monkey. You headbutt the howler monkey.
The howler monkey is severely wounded.
The howler monkey hoots and howls with incredible vigour!
You completely miss the howler monkey.
The howler monkey is severely wounded.
The howler monkey hits you.
* * * LOW HITPOINT WARNING * * *
You closely miss the howler monkey.
The howler monkey is severely wounded.
The howler monkey hits you.
You die...

▓+▓
▓.▓
▓.▓
▓.▓
▓Z▓
▓r▓
▓h▓
▓@▓
▓.▓
▓.▓
▓.▓
▓.▓
▓)▓
▓.▓
▓.▓
▓÷▓


You could see a howler monkey, a quokka and a ball python skeleton.

Vanquished Creatures
  A worker ant (D)
  An adder (D)
  A leopard gecko (D)
  A bat (D)
  2 goblins (D)
  A rat (D)
7 creatures vanquished.

Notes
Turn   | Place    | Note
-------+----------+-------------------------------------------
     0 | D        | MordorOrchid the Oni Fire Elementalist began the quest for
                  | the Orb.
     0 | D        | Reached XP level 1. HP: 14/14 MP: 4/4
    10 | D        | Reached skill level 1 in Fighting
    73 | D        | Noticed a howler monkey
    73 | D        | Noticed a worker ant
    76 | D        | Killed a worker ant
    76 | D        | Reached XP level 2. HP: 23/25 MP: 2/8
    76 | D        | Reached XP level 3. HP: 27/30 MP: 2/9
    82 | D        | Learned a level 3 spell: Conjure Flame
   102 | D        | Slain by a howler monkey

Skill      XL: |  1  2  3 |
---------------+----------+-----
Dodging        | 3 |  3.6
Fighting       | 2 3 |  3.0
Spellcasting   | 3 |  3.2
Stealth        | |  1.7
Conjurations   | |  3.2
Hexes          | |  3.2
Charms         | |  3.2
Summonings     | |  3.2
Necromancy     | |  3.2
Translocations | |  3.2
Transmutations | |  3.2
Fire Magic     | |  3.2
Ice Magic      | |  3.2
Air Magic      | |  3.2
Earth Magic    | |  3.2
Poison Magic   | |  3.2

Action                   || total
-------------------------++-------
Melee: Unarmed           ||     6
       Dagger            ||    13
       Headbutt          ||     3
       Bite              ||     2
 Cast: Flame Tongue      ||    10
  Use: Potion            ||     1
Armor: Animal skin       ||     1
Dodge: Dodged            ||     7
